 Dungeon Crawl Stone Soup version 0.27-a0-604-g29a88b33a7 (webtiles) character file.

Game seed: 14653194020353255004

23505 shoop the Bludgeoner (level 13, -14/133 HPs)
             Began as an Ogre Berserker on Mar 12, 2021.
             Was a High Priest of Trog.
             Demolished by an ettin
             ... wielding a +0 dire flail
              (41 damage)
             ... on level 1 of the Orcish Mines.
             The game lasted 00:32:13 (14250 turns).

shoop the Bludgeoner (Ogre Berserker)              Turns: 14250, Time: 00:32:14

Health: -14/133    AC:  5    Str: 26    XL:     13   Next: 7%
Magic:  13/13      EV: 10    Int: 12    God:    Trog [*****.]
Gold:   1569       SH:  0    Dex: 10    Spells: 12/12 levels left

rFire    . . .     SeeInvis .   b - +6 hand axe of the Hummingbird {flame, Int+4}
rCold    . . .     Faith    .   (no shield)
rNeg     + . .     Spirit   .   A - +0 troll leather armour
rPois    .         Reflect  .   (helmet restricted)
rElec    .         Harm     .   (no cloak)
rCorr    .         Rampage  .   (gloves unavailable)
Will     ++...                  (boots unavailable)
Stlth    +.........             (no amulet)
HPRegen  1.32/turn              D - ring of willpower
MPRegen  0.13/turn              O - ring of positive energy

@: berserk cooldown, slowed, very slow
A: large, unfitting armour, tough skin 1
a: Renounce Religion, Berserk, Trog's Hand, Brothers in Arms


You were on level 1 of the Orcish Mines.
You worshipped Trog.
Trog was extremely pleased with you.
You visited 2 branches of the dungeon, and saw 14 of its levels.

You collected 1569 gold pieces.

Inventory:

Hand Weapons
 a - a +2 vampiric morningstar
 b - the +6 hand axe of the Hummingbird (weapon) {flame, Int+4}
   (You found it on level 7 of the Dungeon)

   It has been specially enchanted to burn those struck by it, causing extra
   injury to most foes and up to half again as much damage against particularly
   susceptible opponents.
   Big, fiery blades are also staple armaments of hydra-hunters.
   It affects your intelligence (+4).
 e - a +0 flail
 r - a +0 giant club
 t - a +0 whip of flaming
 v - a +0 giant spiked club
 y - a +1 flail of protection
 J - a +0 mace
 Q - a +4 lajatang
Missiles
 m - 15 boomerangs
 o - 46 large rocks
 p - 41 poisoned darts (quivered)
 B - 2 throwing nets
 L - 4 silver javelins
Armour
 u - a +2 robe of positive energy
 A - a +0 troll leather armour (worn)
 H - a +0 animal skin
 N - a +1 robe of cold resistance
Jewellery
 D - a ring of willpower (right hand)
 O - a ring of positive energy (left hand)
 Y - a ring of resist corrosion
Wands
 f - a wand of acid (20)
 j - a wand of random effects (66)
 z - a wand of iceblast (12)
 U - a wand of polymorph (7)
 V - a wand of paralysis (2)
Scrolls
 c - 9 scrolls of teleportation {unknown}
 g - 4 scrolls of enchant armour
 h - 4 scrolls of fear
 k - 2 scrolls of enchant weapon
 l - 2 scrolls of blinking
 w - 2 scrolls of noise
 x - 3 scrolls of amnesia
 C - a scroll of summoning {unknown}
 F - 4 scrolls of magic mapping {unknown}
 G - 2 scrolls of immolation {unknown}
 R - a scroll of brand weapon {unknown}
Potions
 d - 7 potions of curing
 i - 2 potions of cancellation {unknown}
 n - 2 potions of invisibility
 q - a potion of heal wounds
 s - 2 potions of might
 E - 3 potions of lignification {unknown}
 I - a potion of berserk rage
 K - 2 potions of brilliance
 M - a potion of haste
 P - a potion of flight
 S - a potion of attraction {unknown}
 W - a potion of ambrosia
 X - a potion of resistance {unknown}
Miscellaneous
 T - a lightning rod (4/4)


   Skills:
 - Level 10.0 Fighting
 * Level 15.2 Maces & Flails
 + Level 8.8 Throwing
 - Level 3.7 Dodging
 - Level 0.4 Stealth
 - Level 5.0 Evocations


You had 12 spell levels left.
You didn't know any spells.
Your spell library contained the following spells:

 Spells                   Type           Power      Damage    Failure   Level
 Animate Skeleton         Necr           0%         N/A       36%         1
 Apportation              Tloc           0%         N/A       36%         1
 Corona                   Hex            0%         N/A       36%         1
 Summon Small Mammal      Summ           0%         N/A       36%         1


Dungeon Overview and Level Annotations

Branches:
Dungeon (13/15)            Temple (0/1) D:7            Lair (0/6) D:8
    Orc (1/2) D:11
 Vaults: D:13-14

Altars:
Ashenzari
Elyvilon
Gozag
Kikubaaqudgha
Makhleb
Vehumet
Xom

Shops:
D:5 (   D:12 :

Annotations:
D:13 Urug


Innate Abilities, Weirdness & Mutations

You are too large for most types of armour.
You have tough skin. (AC +1)


Message History

The ettin is heavily wounded.
You hit the ettin. You burn the ettin.
The ettin is heavily wounded.
The ettin hits you with a +0 dire flail!!!
The ettin barely misses you.
You hear two shouts!
You slash the ettin! You burn the ettin.
The ettin is severely wounded.
You slash the ettin! You burn the ettin.
You kill the ettin!
Trog accepts your kill.
You feel a strong urge to attack something.
You are no longer berserk.
You are exhausted.
You feel yourself slow down.
There is an open door, spattered with blood here.
You see here a wolf skeleton.
You start resting.
An ettin comes into view. It is wielding two +0 dire flails.
The ettin shouts in stereo!
Things that are here:
a +0 giant club; an ogre skeleton You see here a wolf skeleton.
You fail to use your ability.
Your ogre goes berserk!
The ettin hits you with a +0 dire flail!
The ettin completely misses you.
The ettin hits you with a +0 dire flail!
The ettin hits you with a +0 dire flail!!
You barely miss the ettin.
Your ogre hits the ettin with a +0 giant club!!
The ettin hits you with a +0 dire flail!!
The ettin hits you with a +0 dire flail!!!
* * * LOW HITPOINT WARNING * * *
Unknown command.
Your ogre hits the ettin with a +0 giant club!!
Your ogre hits the ettin with a +0 giant club.
The ettin misses you.
The ettin hits you with a +0 dire flail!!!
You die...

######## ###### # .......#####
##....# #### .......÷..÷#####
#.....## #...
.......###.)÷..######.....####...
....C..# #####OC@..........##....
###'#### #########(....'.....
..÷....+ ##.#####.... .......#
#...##..... .......# ###.#####..
.......# #######.## ##' .......#
#.....#..# #. ##)((###
##.......###### .......
##..........###


You could see an ettin (ally target) and a friendly ogre (summoned, berserk).

Vanquished Creatures
  An ettin (Orc:1)
  Fannar (D:10)
  Harold (D:9)
  Erica (D:11)
  A two-headed ogre (D:11)
  2 unseen horrors
  A deep elf pyromancer (D:12)
  Pikel (D:5)
  11 cyclopes
  2 ugly things
  A manticore (D:12)
  An elephant (D:8)
  The ghost of davenfal the Cutter, a novice FoFi (D:5)
  A komodo dragon (D:8)
  4 trolls
  A slime creature (D:8)
  Grinder (D:3)
  A shadow (D:12)
  A wraith (D:10)
  3 wyverns
  2 basilisks (D:8)
  11 yaks
  A steam dragon (D:8)
  Edmund (D:6)
  3 wargs
  A water moccasin (D:6)
  4 sky beasts
  10 orc warriors
  A black bear (D:7)
  A necrophage (D:10)
  An eye of draining (D:8)
  A hornet zombie (D:10)
  6 ice beasts
  12 ogres
  5 centaurs
  2 phantoms
  3 wolves (Orc:1)
  2 lemures (D:5)
  A wyvern zombie (D:7)
  A kobold brigand (D:8)
  6 bullfrogs
  A gnoll sergeant (Orc:1)
  8 scorpions
  5 killer bees (D:10)
  5 wights (D:11)
  2 howler monkeys
  7 jellies
  7 hounds
  A centaur zombie (D:8)
  8 orc priests
  2 bullfrog skeletons
  A gnoll shaman (D:4)
  4 centaur skeletons
  2 iguanas
  14 orc wizards
  8 worker ants
  A worker ant zombie (D:8)
  9 adders
  10 gnolls
  A shadow imp (D:6)
  3 white imps
  2 ufetubi (D:6)
  2 oozes
  3 adder skeletons
  An adder zombie (D:5)
  2 worms (D:3)
  A dart slug (D:1)
  8 leopard geckos
  50 orcs
  4 giant cockroaches
  6 goblins
  4 hobgoblins
  8 jackals
  10 quokkas
  7 frilled lizards
  6 kobolds
  2 rats
327 creatures vanquished.

Vanquished Creatures (others)
  A plant (D:8)
1 creature vanquished.

Grand Total: 328 creatures vanquished

Notes
Turn   | Place    | Note
-------+----------+-------------------------------------------
     0 | D:1      | shoop the Ogre Berserker began the quest for the Orb.
     0 | D:1      | Reached XP level 1. HP: 24/24 MP: 1/1
   107 | D:1      | Reached XP level 2. HP: 32/32 MP: 2/2
   143 | D:1      | Reached skill level 3 in Maces & Flails
   384 | D:2      | Reached XP level 3. HP: 38/40 MP: 3/3
   931 | D:3      | Reached ** piety under Trog
  1098 | D:3      | Reached XP level 4. HP: 49/49 MP: 4/4
  1117 | D:3      | Reached skill level 5 in Fighting
  1391 | D:3      | Noticed Grinder
  1395 | D:3      | Paralysed by Grinder for 2 turns
  1403 | D:3      | Killed Grinder
  1404 | D:3      | Reached skill level 4 in Maces & Flails
  1404 | D:3      | Reached XP level 5. HP: 41/59 MP: 5/5
  1404 | D:3      | Reached XP level 6. HP: 47/67 MP: 6/6
  1619 | D:4      | Found an opulent altar of Gozag.
  1619 | D:4      | Found a radiant altar of Vehumet.
  1620 | D:4      | Found a shimmering altar of Xom.
  1648 | D:4      | Found a white marble altar of Elyvilon.
  1677 | D:5      | Entered Level 5 of the Dungeon
  1758 | D:5      | Found a burning altar of Makhleb.
  1820 | D:5      | Found a runed translucent gate.
  1820 | D:5      | Found a runed translucent gate.
  1821 | D:5      | Found a runed translucent gate.
  2023 | D:4      | Reached skill level 5 in Maces & Flails
  2533 | D:5      | Noticed davenfal's ghost (novice FoFi)
  2547 | D:5      | Killed davenfal's ghost
  2548 | D:5      | Reached skill level 6 in Maces & Flails
  2548 | D:5      | Reached XP level 7. HP: 72/75 MP: 7/7
  2684 | D:5      | Noticed Pikel
  3018 | D:4      | Reached skill level 1 in Throwing
  3088 | D:4      | Reached skill level 7 in Maces & Flails
  3488 | D:4      | Reached XP level 8. HP: 67/83 MP: 8/8
  5535 | D:5      | Reached skill level 8 in Maces & Flails
  5821 | D:5      | Killed Pikel
  5822 | D:5      | Reached XP level 9. HP: 89/89 MP: 9/9
  6048 | D:5      | Found Deibrur's Antique Weapon Boutique.
  6134 | D:6      | Reached skill level 9 in Maces & Flails
  6884 | D:6      | Noticed Edmund
  6902 | D:6      | Killed Edmund
  6996 | D:6      | You fall into a shaft and drop 3 floors!
  7075 | D:9      | Found an ancient bone altar of Kikubaaqudgha.
  7543 | D:9      | Reached skill level 10 in Maces & Flails
  7555 | D:9      | Reached *** piety under Trog
  7608 | D:9      | Noticed a troll
  7617 | D:9      | Killed a troll
  7750 | D:9      | Found a broken altar of Ashenzari.
  7751 | D:9      | Noticed Harold
  7800 | D:9      | Killed Harold
  7801 | D:9      | Reached skill level 11 in Maces & Flails
  7801 | D:9      | Reached XP level 10. HP: 20/98 MP: 10/10
  8079 | D:7      | Found a staircase to the Ecumenical Temple.
  8286 | D:6      | Reached skill level 12 in Maces & Flails
  8709 | D:7      | Identified the +6 hand axe of the Hummingbird {flame,
                  | Int+4}
  8910 | D:8      | Reached **** piety under Trog
  9021 | D:8      | Noticed a cyclops
  9035 | D:8      | Killed a cyclops
  9288 | D:8      | Reached XP level 11. HP: 109/109 MP: 11/11
  9349 | D:8      | Reached skill level 5 in Throwing
  9475 | D:8      | Reached skill level 13 in Maces & Flails
  9496 | D:8      | Found a staircase to the Lair.
  9748 | D:8      | Reached ***** piety under Trog
 10322 | D:10     | Entered Level 10 of the Dungeon
 10567 | D:10     | Noticed Fannar
 10579 | D:10     | Killed Fannar
 11111 | D:11     | Noticed a purple ugly thing
 11126 | D:10     | Received a gift from Trog
 11161 | D:11     | Killed a purple ugly thing
 11277 | D:11     | Killed an unseen horror
 11758 | D:11     | Noticed Erica
 11765 | D:11     | Killed Erica
 11766 | D:11     | Reached XP level 12. HP: 122/122 MP: 12/12
 11916 | D:11     | Found a staircase to the Orcish Mines.
 12110 | Orc:1    | Entered Level 1 of the Orcish Mines
 12303 | D:12     | Reached skill level 14 in Maces & Flails
 12303 | D:12     | Reached skill level 5 in Evocations
 12780 | D:12     | Reached skill level 10 in Fighting
 13007 | D:12     | Found Vitoneuj's Book Emporium.
 13351 | D:13     | Noticed Urug
 13513 | Orc:1    | Noticed a two-headed ogre
 13523 | D:11     | Killed a two-headed ogre
 13969 | Orc:1    | Reached skill level 15 in Maces & Flails
 14214 | Orc:1    | Noticed an ettin
 14222 | Orc:1    | Reached XP level 13. HP: 133/133 MP: 13/13
 14226 | Orc:1    | Killed an ettin
 14238 | Orc:1    | Noticed an ettin
 14250 | Orc:1    | Demolished by an ettin

Illustrated notes

Levels and vault maps discovered:
D:1:      minmay_arrival_plants_in_alcoves, layout_loops_ring
D:2:      layout_basic, nicolae_overflow_crystal_walls, minmay_misc_feat_five
D:3:      layout_rooms, minmay_fractal_squares_5, uniq_grinder
D:4:      minmay_polygon_palace, layout_loops_ring,
          nicolae_overflow_quartered_altars
D:5:      layout_basic, basic_altar, ebering_ghost_rock_garden, serial_shops,
          shop, uniq_pikel
D:6:      kennysheep_windowed_halls, layout_basic,
          corexii_item_surrounded_by_moat, uniq_edmund
D:7:      layout_cave_pools, minmay_temple_entry_waves
D:8:      minmay_chambers_of_sevens, layout_loops_ring, david_lair_generic,
          kb_rosetta
D:9:      layout_gridville, nicolae_kikubaaqudgha_miasma_corner,
          ashenzari_altar_1, uniq_harold
D:10:     layout_roguey, uniq_fannar
D:11:     layout_rooms, david_orc_4, serial_bayou_lagoon_a, uniq_erica
D:12:     layout_basic, serial_shops, shop
D:13:     layout_irregular_city, uniq_urug
Orc:1:    giant_chief_lemuel, layout_caves, uniq_josephine

Skill      XL: |  1  2  3  4  5  6  7  8  9 10 11 12 |
---------------+-------------------------------------+-----
Maces & Flails | 3 4 6 7 8 11 12 13 15 | 15.2
Dodging        | 3 |  3.7
Fighting       | 5 6 7 9 10 | 10.0
Throwing       | 1 4 6 8 |  8.8
Evocations     | 2 3 4 5 |  5.0
Stealth        | |  0.4

Action                   |  1- 3 |  4- 6 |  7- 9 | 10-12 | 13-15 || total
-------------------------+-------+-------+-------+-------+-------++-------
Melee: Mace              |    29 |       |       |       |       ||    29
       Flail             |    67 |    94 |   234 |   144 |       ||   539
       Giant club        |       |       |    34 |       |       ||    34
       Whip              |       |       |    57 |       |       ||    57
       Hand axe          |       |       |       |   569 |     6 ||   575
Throw: Boomerang         |       |     3 |     9 |     3 |       ||    15
       Dart              |       |       |    21 |    17 |       ||    38
Invok: Berserk           |       |     3 |     7 |    19 |       ||    29
       Trog's Hand       |       |     1 |     2 |     1 |       ||     4
       Brothers in Arms  |       |       |       |       |     1 ||     1
Evoke: Wand              |       |     1 |     1 |     2 |       ||     4
  Use: Scroll            |       |       |    11 |     5 |       ||    16
 Stab: Sleeping          |       |     1 |     2 |       |       ||     3
       Distracted        |       |       |     1 |       |       ||     1
Armor: Animal skin       |    13 |     6 |    36 |       |       ||    55
       Robe              |       |       |    49 |       |       ||    49
       Troll leather arm |       |       |     3 |   138 |       ||   141
Dodge: Dodged            |    73 |    42 |   108 |   260 |     3 ||   486

Table legend: (Time is in decaauts)
 A = Elapsed time spent in this place.
 B = Non-inter-level travel time spent in this place.
 C = Inter-level travel time spent in this place.
 D = Time resting spent in this place.
 E = Time spent auto-exploring this place.
 F = Levels seen in this place.
 G = Mean time per level.
                   A        B        C        D        E       F      G
               +--------+--------+--------+--------+--------+-----+--------+
         Total |  14430 |  13613 |    817 |   3130 |   7695 |  14 | 1030.7 |
       Dungeon |  13698 |  12882 |    816 |   3037 |   7281 |  13 | 1053.7 |
  Orcish Mines |    731 |    730 |      1 |     93 |    413 |   1 |  731.0 |
               +--------+--------+--------+--------+--------+-----+--------+

Top non-repeatable levels by time:
     D:4: 2825 daAuts
     D:5: 1699 daAuts
     D:9: 1551 daAuts
    D:11: 1488 daAuts
     D:6: 1223 daAuts
    D:12: 930 daAuts
     D:8: 916 daAuts
    D:10: 856 daAuts
     D:3: 773 daAuts
   Orc:1: 731 daAuts
     D:2: 633 daAuts
     D:7: 542 daAuts
     D:1: 240 daAuts
    D:13: 16 daAuts
